 Dungeon Crawl Stone Soup version 0.18.1-6-gd335043 (webtiles) character file.

209 mopl the Sneak (level 5, 0/36 HPs)
             Began as a Vampire Transmuter on May 17, 2016.
             Succumbed to a worker ant's poison
             ... on level 4 of the Dungeon.
             The game lasted 00:06:21 (4623 turns).

mopl the Sneak (Vampire Transmuter)                 Turns: 4623, Time: 00:06:21

Health: 0/36       AC:  4    Str: 11 (14) XL:     5   Next: 55%
Magic:  8/8        EV: 12    Int: 14 (16) God:
Gold:   177        SH:  0    Dex: 14 (15) Spells: 2 memorised, 5 levels left

rFire  + . .     SeeInvis +     p - +0 dagger
rCold  + . .     Gourm    .     b - +0 robe
rNeg   + . .     Faith    .     (no shield)
rPois  +         Spirit   .     (no helmet)
rElec  +         Dismiss  +     (no cloak)
rCorr  +         Reflect  .     f - +0 pair of gloves
SustAt .         Harm     .     (no boots)
MR     .....                    h - amulet of dismissal
Stlth  ++++......               x - +1 ring of protection
                                v - ring of resist corrosion

@: mighty, lethally poisoned (0 -> -4), resistant, not resistant to hostile
enchantments, stealthy
A: fangs 3, see invisible, unbreathing
a: Bat Form


You were on level 4 of the Dungeon.
You were not thirsty.

You visited 1 branch of the dungeon, and saw 4 of its levels.

You collected 257 gold pieces.
You spent 80 gold pieces at shops.

Inventory:

Hand Weapons
 p - a +0 dagger (weapon)
Missiles
 a - 63 arrows
 s - 6 poisoned needles
 z - 5 tomahawks (quivered)
Armour
 b - a +0 robe (worn)
 f - a +0 pair of gloves (worn)
 r - a storm dragon hide
Jewellery
 h - an amulet of dismissal (around neck)
 v - a ring of resist corrosion (left hand)
 x - a +1 ring of protection (right hand)
Wands
 w - a wand of iceblast (3/15)
 A - a wand of flame (21/48)
Scrolls
 e - a scroll of enchant armour
 g - 2 scrolls of identify
 j - a scroll of blinking {unknown}
 k - a scroll of teleportation {unknown}
 l - 2 scrolls of amnesia {unknown}
 m - 5 scrolls of remove curse
 u - a scroll of enchant weapon {unknown}
Potions
 n - a potion of degeneration
 q - a potion of heal wounds
 t - a potion of resistance
Books
 c - a book of Changes

   Spells                             Type                      Level
   a - Beastly Appendage              Transmutation                1
   b - Sticks to Snakes               Transmutation                2
   c - Spider Form                    Transmutation/Poison         3
   d - Ice Form                       Ice/Transmutation            4
   e - Blade Hands                    Transmutation                5
 y - a book of Transfigurations

   Spells                             Type                      Level
   a - Irradiate                      Conjuration/Transmutation    5
   b - Statue Form                    Transmutation/Earth          6
   c - Hydra Form                     Transmutation                6
   d - Dragon Form                    Transmutation                7


   Skills:
 - Level 0.8 Fighting
 + Level 2.9 Short Blades
 - Level 2.1 Dodging
 * Level 7.3 Stealth
 - Level 3.2 Unarmed Combat
 - Level 2.0 Spellcasting
 - Level 2.1 Transmutations


You had 5 spell levels left.
You knew the following spells:

 Your Spells              Type           Power        Failure   Level  Hunger
a - Beastly Appendage     Trmt           #.....       12%         1    ##.....
w - Sticks to Snakes      Trmt           #.......     17%         2    ###....


Dungeon Overview and Level Annotations

Branches:
Dungeon (4/15)
 Temple: D:4-7

Altars:

Shops:
D:4 *


Innate Abilities, Weirdness & Mutations

You have razor-sharp teeth.
You have supernaturally acute eyesight.
You can survive without breathing.


Message History

* * * LOW HITPOINT WARNING * * *
You feel sick.
Drink which item? (? for menu, Esc to quit)
It was a potion of resistance.
You feel protected.
Drink which item? (? for menu, Esc to quit)
You feel mightier all of a sudden.
* * * LOW HITPOINT WARNING * * *
You feel sick.
Drink which item? (? for menu, Esc to quit)
It was a potion of lignification.
You feel woody for a moment.
Unknown command.
Are you sure you want to abandon this character and quit the game? (Confirm with "yes".)
Okay, then.
Read which item? (? for menu, Esc to quit)
As you read the scroll labeled GUATOUBU ELUW, it crumbles to dust.
It is a scroll of identify.
Identify which item? (\ to view known items) (? for menu, Esc to quit)
e - a scroll of enchant armour You die...

#.#...#######.......#
.%..#.............#.#
#.#.#.............#
..#.#.............#
#.#.#.............#
..#.#.............#
..#.#.............#
..#.#.............++####
..#.##..........@......#
..#.########....#......#
#.#.####........#......#
#>#....'........#......#
#.######.....####......#
.............# #......#
..######.....# #......#
.......+.....# #......#
.#######.....# ########


There were no monsters in sight!

Vanquished Creatures
  An iguana (D:4)
  3 worker ants (D:4)
  4 adders
  An ooze (D:1)
  A worm (D:4)
  2 dart slugs
  4 giant geckos
  5 giant cockroaches
  A goblin (D:1)
  4 hobgoblins
  9 jackals
  3 quokkas
  A ball python (D:1)
  10 bats
  A giant gecko skeleton (D:4)
  3 giant newts
  3 kobolds (D:1)
  8 rats
64 creatures vanquished.

Notes
Turn   | Place    | Note
--------------------------------------------------------------
     0 | D:1      | mopl the Vampire Transmuter began the quest for the Orb.
     0 | D:1      | Reached XP level 1. HP: 14/14 MP: 3/3
    18 | D:1      | Reached skill level 1 in Stealth
   479 | D:1      | Reached skill level 2 in Stealth
   519 | D:1      | Reached XP level 2. HP: 16/20 MP: 5/5
   523 | D:1      | Learned a level 2 spell: Sticks to Snakes
   568 | D:1      | Reached skill level 3 in Stealth
   968 | D:1      | Reached skill level 4 in Stealth
  1659 | D:2      | Reached XP level 3. HP: 25/25 MP: 6/6
  2438 | D:2      | Reached skill level 5 in Stealth
  2635 | D:2      | Reached skill level 1 in Short Blades
  2883 | D:3      | Reached XP level 4. HP: 31/31 MP: 7/7
  3363 | D:4      | Found Qenuddeo's General Store.
  3380 | D:4      | Reached skill level 2 in Short Blades
  3380 | D:4      | Reached skill level 6 in Stealth
  3392 | D:4      | Bought a potion of heal wounds for 50 gold pieces
  3392 | D:4      | Bought a scroll of remove curse for 30 gold pieces
  3580 | D:4      | Reached XP level 5. HP: 14/36 MP: 8/8
  3982 | D:4      | Reached skill level 7 in Stealth
  4238 | D:4      | HP: 1/36 [poisoned by a worker ant]
  4621 | D:4      | HP: 1/36 [poisoned by a worker ant]
  4623 | D:4      | Succumbed to a worker ant's poison

Skill      XL: |  1  2  3  4  5 |
---------------+----------------+-----
Stealth        | 2 4 5 6 7 |  7.3
Short Blades   | 1 2 |  2.9
Fighting       | |  0.8
Dodging        | |  2.1
Unarmed Combat | |  3.2
Spellcasting   | |  2.0
Transmutations | |  2.1

Action                   |  1- 3 |  4- 6 || total
-------------------------+-------+-------++-------
Melee: Unarmed           |    67 |       ||    67
       Bite              |    16 |    14 ||    30
       Dagger            |   100 |   128 ||   228
       Punch             |     2 |       ||     2
Throw: Tomahawk          |       |     2 ||     2
Evoke: Wand              |       |     2 ||     2
  Use: Potion            |     3 |    11 ||    14
       Scroll            |       |     1 ||     1
 Stab: Sleeping          |    13 |     7 ||    20
Armor: Robe              |    35 |    19 ||    54
Dodge: Dodged            |   117 |    75 ||   192
